 Dungeon Crawl Stone Soup version 0.28.0-53-g5a82cb258f (webtiles) character file.

Game seed: 7708346182278063095

319 cbfl8 the Chopper (level 6, -2/53 HPs)
             Began as a Hill Orc Fighter on July 17, 2022.
             Slain by a gnoll
             ... wielding a +0 spear
              (4 damage)
             ... on level 5 of the Dungeon.
             The game lasted 00:05:30 (3566 turns).

cbfl8 the Chopper (Hill Orc Fighter)                Turns: 3566, Time: 00:05:30

Health: -2/53      AC:  9    Str: 21    XL:     6   Next: 46%
Magic:  6/6        EV:  7    Int:  8    God:
Gold:   181        SH:  5    Dex: 16    Spells: 5/5 levels left

rFire   . . .      SeeInvis .   a - +0 war axe
rCold   . . .      Faith    .   c - +0 buckler
rNeg    . . .      Spirit   .   d - +0 chain mail
rPois   .          Reflect  .   (no helmet)
rElec   .          Harm     +   r - scarf {harm}
rCorr   .          Rampage  .   (no gloves)
Will    .....                   (no boots)
Stlth   ..........              (no amulet)
HPRegen 0.17/turn               n - +6 ring of dexterity
MPRegen 0.10/turn               (no ring)

@: no status effects
A: no striking features
a: no special abilities


You were on level 5 of the Dungeon.
You visited 1 branch of the dungeon, and saw 5 of its levels.

You collected 181 gold pieces.

Inventory:

Hand Weapons
 a - a +0 war axe (weapon)
Armour
 b - a +0 scale mail
 c - a +0 buckler (worn)
 d - a +0 chain mail (worn)
 r - a scarf of harm (worn)
Jewellery
 n - a +6 ring of dexterity (left hand)
Scrolls
 e - a scroll of brand weapon {unknown}
 g - a scroll of summoning {unknown}
 i - 3 scrolls of identify {unknown}
 l - 2 scrolls of teleportation
 o - a scroll of silence {unknown}
 q - a scroll of fear {unknown}
Potions
 f - 3 potions of haste {unknown}
 h - a potion of invisibility {unknown}
 j - a potion of attraction {unknown}
 k - a potion of cancellation {unknown}
 m - 3 potions of curing {unknown}
 p - a potion of flight {unknown}


   Skills:
 + Level 4.7 Fighting
 + Level 6.3 Axes
 + Level 4.4 Armour
 + Level 0.7 Dodging
 + Level 0.1 Stealth
 + Level 4.0 Shields


You had 5 spell levels left.
You didn't know any spells.
Your spell library contained the following spells:

 Spells                   Type           Power      Damage    Failure   Level
 Summon Lightning Spire   Summ/Air       0%         N/A       100%        4
 Storm Form               Tmut/Air       0%         N/A       100%        7
 Maxwell's Capacitive Co  Air            0%         ∞         100%        8


Dungeon Overview and Level Annotations

Branches:
Dungeon (5/15)
 Temple: D:4-7

Altars:
Dithmenos
Kikubaaqudgha
Sif Muna

Annotations:
D:4 Sigmund


Message History

The gnoll hits you but does no damage.
You closely miss the gnoll shaman.
The gnoll shaman is moderately wounded.
You completely miss the gnoll.
You feel sick.
The gnoll hits you from afar with a +0 spear.
The gnoll shaman hits you but does no damage.
You block the gnoll's attack.
The gnoll hits you from afar with a +0 spear.
The gnoll shaman hits you with a +0 whip.
You barely miss the gnoll shaman.
The gnoll shaman is moderately wounded.
You slash the gnoll!
You kill the gnoll!
You feel sick.
You are no longer poisoned.
The gnoll hits you from afar with a +0 spear.
You block the gnoll shaman's attack.
You barely miss the gnoll shaman.
The gnoll shaman is moderately wounded.
The gnoll hits you from afar with a +0 spear.
The gnoll shaman hits you with a +0 whip.
* * * LOW HITPOINT WARNING * * *
You hit the gnoll shaman but do no damage.
The gnoll shaman is moderately wounded.
The gnoll closely misses you.
The gnoll shaman hits you but does no damage.
Unknown command.
You barely miss the gnoll shaman.
The gnoll shaman is moderately wounded.
The gnoll hits you from afar with a +0 spear.
* * * LOW HITPOINT WARNING * * *
The gnoll shaman hits you but does no damage.
You block the gnoll's attack.
Unknown command.
You hit the gnoll shaman.
The gnoll shaman is moderately wounded.
The gnoll shaman hits you with a +0 whip!
* * * LOW HITPOINT WARNING * * *
The gnoll hits you from afar with a +0 spear.
You die...

...... ...... #......
....... ######.......
###..#......(..
......)).......
$......@)g.....##.......
.#.....g)...............
#............. ..#.#...
.###........... #.#.#...
.....#........## .......
###.##...#.....# #......
#......####...###......
##.#...###....#........
.. ##..##..#...........


You could see a gnoll shaman and a gnoll.

Vanquished Creatures
  Menkaure (D:4)
  An iguana (D:4)
  An orc wizard (D:3)
  4 gnolls (D:5)
  2 adders
  An ufetubus (D:3)
  An adder skeleton (D:4)
  2 worms
  2 dart slugs
  8 orcs (D:3)
  7 endoplasms
  6 goblins
  7 hobgoblins
  5 kobolds
  3 quokkas
  10 ball pythons
  5 bats
  4 frilled lizards
  4 rats
74 creatures vanquished.

Notes
Turn   | Place    | Note
-------+----------+-------------------------------------------
     0 | D:1      | cbfl8 the Hill Orc Fighter began the quest for the Orb.
     0 | D:1      | Reached XP level 1. HP: 19/19 MP: 1/1
    59 | D:1      | Reached XP level 2. HP: 27/27 MP: 2/2
    90 | D:1      | Found a faded altar of an unknown god.
   243 | D:1      | Reached skill level 3 in Axes
   690 | D:2      | Reached XP level 3. HP: 33/33 MP: 3/3
  1134 | D:2      | Reached skill level 4 in Axes
  1591 | D:3      | Reached XP level 4. HP: 29/40 MP: 4/4
  1604 | D:3      | Found a shimmering blue altar of Sif Muna.
  1828 | D:3      | Found an ancient bone altar of Kikubaaqudgha.
  2739 | D:4      | Noticed Sigmund
  2945 | D:4      | Found a shadowy altar of Dithmenos.
  3008 | D:4      | Noticed Menkaure
  3016 | D:4      | Killed Menkaure
  3017 | D:4      | Reached skill level 5 in Axes
  3017 | D:4      | Reached XP level 5. HP: 4/47 MP: 5/5
  3017 | D:4      | Reached XP level 6. HP: 5/53 MP: 6/6
  3396 | D:4      | Reached skill level 6 in Axes
  3516 | D:5      | Entered Level 5 of the Dungeon
  3566 | D:5      | HP: 2/53 [gnoll shaman/+0 whip (8)]
  3566 | D:5      | Slain by a gnoll

Illustrated notes

Levels and vault maps discovered:
D:1:      lightli_arrival_chessboard, layout_rooms, basic_ecumenical_altar
D:2:      layout_basic, minmay_tall_x
D:3:      layout_loops_cross, mainiacjoe_overflow_divided_tiny
D:4:      layout_gridville, nicolae_dithmenos_through_a_glass_darkly,
          minmay_temple_entry_glassed_door, grunt_decor_fettered,
          nicolae_shop_sticking_my_neck_out, uniq_sigmund,
          uniq_crazy_yiuf_cottage, uniq_menkaure
D:5:      layout_cave_pools, minmay_fountain_box

Skill      XL: |  1  2  3  4  5  6 |
---------------+-------------------+-----
Axes           | 3 4 5 6 |  6.3
Fighting       | 4 |  4.7
Armour         | 4 |  4.4
Shields        | 4 |  4.0
Dodging        | |  0.7
Stealth        | |  0.1

Action                   |  1- 3 |  4- 6 || total
-------------------------+-------+-------++-------
Melee: War axe           |    90 |    84 ||   174
  Use: Potion            |       |     1 ||     1
       Scroll            |       |     2 ||     2
Armor: Scale mail        |    44 |    23 ||    67
       Chain mail        |       |    23 ||    23
Dodge: Dodged            |    52 |    42 ||    94
Block: Buckler           |    21 |    33 ||    54
